TOP OF THE 1ST |
Redwood Rhinos batting - Pitching for Memphis Music : LHP William Collins
|
Pitching: LHP William Collins
|
|
Batting: RHB Manny Marrero
|
0-0: Ground out 4-3 (Groundball, 13, EV 87.5 MPH)
|
Batting: LHB David Lakerveld
|
0-0: Foul Ball, location: 2F 0-1: Swinging Strike 0-2: Ball 1-2: Foul Ball, location: 2F 1-2: Strikes out swinging
|
Batting: LHB Ricardo Cantú
|
0-0: Ball 1-0: Ball 2-0: Called Strike 2-1: Ball 3-1: Swinging Strike 3-2: Ground out 3-1 (Groundball, 34S, EV 79.4 MPH)
|
Top of the 1st over - 0 runs, 0 hits, 0 errors, 0 left on base; Redwood 0 - Memphis 0 |
BOTTOM OF THE 1ST |
Memphis Music batting - Pitching for Redwood Rhinos : RHP Wang-fen Jia
|
Pitching: RHP Wang-fen Jia
|
|
Batting: RHB Alonso Acosta
|
0-0: Called Strike 0-1: Swinging Strike 0-2: Ball 1-2: Ground out 6-3 (Groundball, 6, EV 107.5 MPH)
|
Batting: RHB Tom Burke
|
0-0: Ball 1-0: Ball 2-0: Called Strike 2-1: Ball 3-1: Foul Ball, location: 2F 3-2: Foul Ball, location: 2F 3-2: Base on Balls
|
Batting: LHB Arnie Lowe
|
0-0: Ball 1-0: Ball 2-0: Ball 3-0: Base on Balls Tom Burke to second
|
Batting: RHB Martin Sweetman
|
0-0: Ball 1-0: Ball 2-0: Foul Ball, location: 2F 2-1: Ball 3-1: SINGLE (Line Drive, 8LS, EV 99.4 MPH) Tom Burke to third Arnie Lowe to second
|
Batting: RHB Michael Austin
|
0-0: SINGLE (Groundball, 4D, EV 110.6 MPH) Tom Burke scores Arnie Lowe to third Martin Sweetman to second
|
Batting: RHB Dustin Wallace
|
0-0: Called Strike 0-1: Ball 1-1: Swinging Strike 1-2: Strikes out looking
|
Batting: LHB José Dalumba
|
0-0: Called Strike 0-1: Swinging Strike 0-2: Ball 1-2: Ball 2-2: Foul Ball, location: 2F 2-2: Ball 3-2: Strikes out swinging
|
Bottom of the 1st over - 1 run, 2 hits, 0 errors, 3 left on base; Redwood 0 - Memphis 1 |
TOP OF THE 2ND |
Redwood Rhinos batting - Pitching for Memphis Music : LHP William Collins
|
Batting: LHB Kenny Chamberlain
|
0-0: Ground out 4-3 (Groundball, 4, EV 83.8 MPH)
|
Batting: RHB Brandon Astbury
|
0-0: Ball 1-0: Foul Ball, location: 2F 1-1: Foul Ball, location: 2F 1-2: Fly out, F7 (Flyball, 7, EV 86.2 MPH)
|
Batting: SHB Jorge Morales
|
0-0: Foul Ball, location: 2F 0-1: Swinging Strike 0-2: Strikes out swinging
|
Top of the 2nd over - 0 runs, 0 hits, 0 errors, 0 left on base; Redwood 0 - Memphis 1 |
BOTTOM OF THE 2ND |
Memphis Music batting - Pitching for Redwood Rhinos : RHP Wang-fen Jia
|
Batting: RHB Rich Martin
|
0-0: Foul Ball, location: 2F 0-1: Called Strike 0-2: Ball 1-2: Foul Ball, location: 2F 1-2: Foul Ball, location: 2F 1-2: Ball 2-2: Ball 3-2: Fly out, F8 (Flyball, 8RM, EV 94.4 MPH)
|
Batting: RHB Luis Marrero
|
0-0: Ball 1-0: Ground out 5-3 (Groundball, 56, EV 87.5 MPH)
|
Batting: RHB Alonso Acosta
|
0-0: Called Strike 0-1: Foul Ball, location: 2F 0-2: Fly out, F8 (Line Drive, 8LD, EV 105.0 MPH)
|
Bottom of the 2nd over - 0 runs, 0 hits, 0 errors, 0 left on base; Redwood 0 - Memphis 1 |
TOP OF THE 3RD |
Redwood Rhinos batting - Pitching for Memphis Music : LHP William Collins
|
Batting: RHB Soo-keun Yi
|
0-0: Called Strike 0-1: Called Strike 0-2: Ball 1-2: Fly out, F3 (Popup, 3SF, EV 72.5 MPH)
|
Batting: LHB Mitsuo Suzuki
|
0-0: Ball 1-0: Ball 2-0: Called Strike 2-1: Swinging Strike 2-2: SINGLE (Groundball, 6MS, EV 69.4 MPH) (infield hit)
|
Batting: RHB José Vera
|
0-0: Called Strike 0-1: Called Strike 0-2: Strikes out swinging
|
Batting: RHB Manny Marrero
|
0-0: Ball 1-0: Fly out, F7 (Flyball, 78D, EV 106.9 MPH)
|
Top of the 3rd over - 0 runs, 1 hit, 0 errors, 1 left on base; Redwood 0 - Memphis 1 |
BOTTOM OF THE 3RD |
Memphis Music batting - Pitching for Redwood Rhinos : RHP Wang-fen Jia
|
Batting: RHB Tom Burke
|
0-0: Ball 1-0: Ball 2-0: Ball 3-0: Called Strike 3-1: Foul Ball, location: 2F 3-2: Ground out 6-3 (Groundball, 6, EV 92.5 MPH)
|
Batting: LHB Arnie Lowe
|
0-0: Ball 1-0: SINGLE (Line Drive, 4M, EV 97.5 MPH)
|
Batting: RHB Martin Sweetman
|
0-0: Ball 1-0: Ball 2-0: Fielders Choice at 2nd, 6-4 (Groundball, 56, EV 89.4 MPH)
|
Batting: RHB Michael Austin
|
0-0: Ball 1-0: Foul Ball, location: 2F 1-1: Ball 2-1: Foul Ball, location: 2F 2-2: SINGLE (Groundball, 56S, EV 68.8 MPH) (infield hit) Martin Sweetman to second
|
Batting: RHB Dustin Wallace
|
0-0: Called Strike 0-1: Ball 1-1: Fly out, F8 (Line Drive, 8RD, EV 86.9 MPH)
|
Bottom of the 3rd over - 0 runs, 2 hits, 0 errors, 2 left on base; Redwood 0 - Memphis 1 |
TOP OF THE 4TH |
Redwood Rhinos batting - Pitching for Memphis Music : LHP William Collins
|
Batting: LHB David Lakerveld
|
0-0: Ball 1-0: Ball 2-0: Called Strike 2-1: Foul Ball, location: 2F 2-2: Foul Ball, location: 2F 2-2: Strikes out swinging
|
Batting: LHB Ricardo Cantú
|
0-0: Ground out U3 (Groundball, 3, EV 86.2 MPH)
|
Batting: LHB Kenny Chamberlain
|
0-0: Called Strike 0-1: Foul Ball, location: 2F 0-2: Foul Ball, location: 2F 0-2: Ball 1-2: Ground out 4-3 (Groundball, P, EV 88.1 MPH)
|
Top of the 4th over - 0 runs, 0 hits, 0 errors, 0 left on base; Redwood 0 - Memphis 1 |
BOTTOM OF THE 4TH |
Memphis Music batting - Pitching for Redwood Rhinos : RHP Wang-fen Jia
|
Batting: LHB José Dalumba
|
0-0: Ball 1-0: Ball 2-0: Called Strike 2-1: Fly out, F9 (Flyball, 9, EV 78.1 MPH)
|
Batting: RHB Rich Martin
|
0-0: SINGLE (Groundball, 56D, EV 95.0 MPH)
|
Batting: RHB Luis Marrero
|
0-0: Ball Rich Martin steals 2nd base 1-0: Called Strike 1-1: Ball 2-1: Foul Ball, location: 2F 2-2: Strikes out swinging
|
Batting: RHB Alonso Acosta
|
0-0: Swinging Strike 0-1: SINGLE (Line Drive, 34D, EV 106.2 MPH) Rich Martin to third Runner from 3rd tries for Home, SAFE, throw by RF to home
|
Batting: RHB Tom Burke
|
0-0: Called Strike 0-1: Ball 1-1: Foul Ball, location: 2F 1-2: Fielders Choice at 2nd, 6-4 (Groundball, 6, EV 88.8 MPH)
|
Bottom of the 4th over - 1 run, 2 hits, 0 errors, 1 left on base; Redwood 0 - Memphis 2 |
TOP OF THE 5TH |
Redwood Rhinos batting - Pitching for Memphis Music : LHP William Collins
|
Batting: RHB Brandon Astbury
|
0-0: SINGLE (Groundball, 6MD, EV 100.0 MPH)
|
Batting: SHB Jorge Morales
|
0-0: Fly out, F7 (Flyball, 7D, EV 94.4 MPH)
|
Batting: RHB Soo-keun Yi
|
0-0: Called Strike 0-1: Foul Ball, location: 2F 0-2: Fielders Choice at 2nd, 5-4 (Groundball, 56, EV 98.8 MPH)
|
Batting: LHB Mitsuo Suzuki
|
0-0: Ball 1-0: Foul Ball, location: 2F 1-1: Ball 2-1: Called Strike 2-2: Foul Ball, location: 2F 2-2: Strikes out swinging
|
Top of the 5th over - 0 runs, 1 hit, 0 errors, 1 left on base; Redwood 0 - Memphis 2 |
BOTTOM OF THE 5TH |
Memphis Music batting - Pitching for Redwood Rhinos : RHP Wang-fen Jia
|
Pitching: RHP Claudio Robles
|
|
Batting: LHB Arnie Lowe
|
0-0: Foul Ball, location: 2F 0-1: Foul Ball, location: 2F 0-2: Ball 1-2: Ball 2-2: Foul Ball, location: 2F 2-2: Foul Ball, location: 2F 2-2: Foul Ball, location: 2F 2-2: Foul Ball, location: 2F 2-2: Foul Ball, location: 2F 2-2: Foul Ball, location: 2F 2-2: Foul Ball, location: 2F 2-2: Ball 3-2: Fly out, F5 (Popup, 5SF, EV 76.2 MPH)
|
Batting: RHB Martin Sweetman
|
0-0: Called Strike 0-1: Foul Ball, location: 2F 0-2: Ball 1-2: Strikes out swinging
|
Batting: RHB Michael Austin
|
0-0: Ball 1-0: Called Strike 1-1: Swinging Strike 1-2: Ball 2-2: Fly out, F7 (Flyball, 78M, EV 80.6 MPH)
|
Bottom of the 5th over - 0 runs, 0 hits, 0 errors, 0 left on base; Redwood 0 - Memphis 2 |
TOP OF THE 6TH |
Redwood Rhinos batting - Pitching for Memphis Music : LHP William Collins
|
Batting: RHB José Vera
|
0-0: Swinging Strike 0-1: Ball 1-1: Called Strike 1-2: Ball 2-2: Strikes out looking
|
Batting: RHB Manny Marrero
|
0-0: Foul Ball, location: 2F 0-1: Foul Ball, location: 2F 0-2: Ball 1-2: Ball 2-2: Foul Ball, location: 2F 2-2: Ground out 5-3 (Groundball, 56, EV 100.6 MPH)
|
Batting: LHB David Lakerveld
|
0-0: Called Strike 0-1: Ball 1-1: Swinging Strike 1-2: Strikes out swinging
|
Top of the 6th over - 0 runs, 0 hits, 0 errors, 0 left on base; Redwood 0 - Memphis 2 |
BOTTOM OF THE 6TH |
Memphis Music batting - Pitching for Redwood Rhinos : RHP Claudio Robles
|
Batting: RHB Dustin Wallace
|
0-0: Ball 1-0: Called Strike 1-1: Called Strike 1-2: Ball 2-2: Ball 3-2: Foul Ball, location: 2F 3-2: Foul Ball, location: 2F 3-2: Strikes out swinging
|
Batting: LHB José Dalumba
|
0-0: Called Strike 0-1: Foul Ball, location: 2F 0-2: Foul Ball, location: 2F 0-2: Hit by Pitch
|
Batting: RHB Rich Martin
|
0-0: Fly out, F9 (Flyball, 9D, EV 103.1 MPH)
|
Batting: RHB Luis Marrero
|
0-0: Fly out, F8 (Flyball, 78M, EV 95.6 MPH)
|
Bottom of the 6th over - 0 runs, 0 hits, 0 errors, 1 left on base; Redwood 0 - Memphis 2 |
TOP OF THE 7TH |
Redwood Rhinos batting - Pitching for Memphis Music : LHP William Collins
|
Batting: LHB Ricardo Cantú
|
0-0: Called Strike 0-1: Ball 1-1: Ball 2-1: Swinging Strike 2-2: Foul Ball, location: 2F 2-2: Strikes out swinging
|
Batting: LHB Kenny Chamberlain
|
0-0: Ball 1-0: Ball 2-0: Ball 3-0: Called Strike 3-1: Ground out 4-3 (Groundball, 34D, EV 103.1 MPH)
|
Batting: RHB Brandon Astbury
|
0-0: SOLO HOME RUN (Flyball, 7D, EV 108.8 MPH), Distance : 416 ft
|
Pinch Hitting: RHB Allen Bennett
|
0-0: Ball 1-0: Ball 2-0: Called Strike 2-1: Swinging Strike 2-2: Fly out, F7 (Flyball, 78S, EV 75.6 MPH)
|
Top of the 7th over - 1 run, 1 hit, 0 errors, 0 left on base; Redwood 1 - Memphis 2 |
BOTTOM OF THE 7TH |
Memphis Music batting - Pitching for Redwood Rhinos : RHP Claudio Robles
|
Now at 2B: Allen Bennett
|
|
Batting: RHB Alonso Acosta
|
0-0: Called Strike 0-1: Reached via error on a dropped throw from 1B, E1 (Groundball, 34S, EV 80.0 MPH)
|
Batting: RHB Tom Burke
|
0-0: Ball 1-0: Bunted foul 1-1: Sac Bunt to P - play at first, batter OUT! 1-3 Alonso Acosta to second
|
Pitching: RHP Rizal Culata
|
|
Batting: LHB Arnie Lowe
|
0-0: Ball 1-0: Called Strike 1-1: Ball 2-1: Ball 3-1: Foul Ball, location: 2F 3-2: Foul Ball, location: 2F 3-2: Ground out 4-3 (Groundball, 4, EV 79.4 MPH) Alonso Acosta to third
|
Batting: RHB Martin Sweetman
|
0-0: Called Strike 0-1: Foul Ball, location: 2F 0-2: Ball 1-2: Strikes out swinging
|
Bottom of the 7th over - 0 runs, 0 hits, 1 error, 1 left on base; Redwood 1 - Memphis 2 |
TOP OF THE 8TH |
Redwood Rhinos batting - Pitching for Memphis Music : LHP William Collins
|
Pitching: RHP Zander Graves
|
|
Pinch Hitting: SHB Júlio Salinas
|
0-0: Ball 1-0: Ball 2-0: Fly out, F7 (Flyball, 78M, EV 90.6 MPH)
|
Pinch Hitting: RHB Dave Campbell
|
0-0: Fly out, F7 (Flyball, 7, EV 91.9 MPH)
|
Pinch Hitting: RHB Ricardo Ramos
|
0-0: Foul Ball, location: 2F 0-1: Swinging Strike 0-2: Ball 1-2: Strikes out looking
|
Top of the 8th over - 0 runs, 0 hits, 0 errors, 0 left on base; Redwood 1 - Memphis 2 |
BOTTOM OF THE 8TH |
Memphis Music batting - Pitching for Redwood Rhinos : RHP Rizal Culata
|
Now at 2B: Júlio Salinas
|
|
Now at 3B: Iwao Saito
|
|
Now at SS: Ricardo Ramos
|
|
Now in LF: Ricardo Cantú
|
|
Now in RF: Allen Bennett
|
|
Batting: RHB Michael Austin
|
0-0: Ball 1-0: Called Strike 1-1: SOLO HOME RUN (Flyball, 7D, EV 105.6 MPH), Distance : 415 ft
|
Batting: RHB Dustin Wallace
|
0-0: Swinging Strike 0-1: Called Strike 0-2: Foul Ball, location: 2F 0-2: Strikes out swinging
|
Batting: LHB José Dalumba
|
0-0: TRIPLE (Line Drive, 78XD, EV 110.6 MPH)
|
Batting: RHB Rich Martin
|
0-0: Called Strike 0-1: Fly out, F8 (Flyball, 8RM, EV 77.5 MPH) Runner from 3rd tags up, SCORES, throw by CF
|
Batting: RHB Luis Marrero
|
0-0: Foul Ball, location: 2F 0-1: Called Strike 0-2: Ball 1-2: Ball 2-2: Strikes out looking
|
Bottom of the 8th over - 2 runs, 2 hits, 0 errors, 0 left on base; Redwood 1 - Memphis 4 |
TOP OF THE 9TH |
Redwood Rhinos batting - Pitching for Memphis Music : RHP Zander Graves
|
Batting: RHB Manny Marrero
|
0-0: Foul Ball, location: 2F 0-1: Foul Ball, location: 2F 0-2: Ball 1-2: SINGLE (Line Drive, 7S, EV 110.0 MPH)
|
Batting: LHB David Lakerveld
|
0-0: Fielders Choice at 2nd, 6-4 (Groundball, 6, EV 78.8 MPH)
|
Batting: LHB Ricardo Cantú
|
0-0: Ball 1-0: Swinging Strike 1-1: Ball 2-1: Called Strike 2-2: Fielders Choice at 2nd, 3-6 (Groundball, 3, EV 96.9 MPH)
|
Batting: LHB Kenny Chamberlain
|
0-0: Ball 1-0: Ball 2-0: Ball 3-0: Called Strike 3-1: SINGLE (Groundball, 34S, EV 68.1 MPH) (infield hit) Ricardo Cantú to second
|
Batting: RHB Brandon Astbury
|
0-0: Called Strike 0-1: SINGLE (Groundball, 4MD, EV 102.5 MPH) Ricardo Cantú to third Kenny Chamberlain to second
|
Batting: RHB Allen Bennett
|
0-0: Fly out, F9 (Line Drive, 89M, EV 86.2 MPH)
|
Top of the 9th over - 0 runs, 3 hits, 0 errors, 3 left on base; Redwood 1 - Memphis 4 |
|